 Dungeon Sprint DCSS version 0.19-a0-1498-g0b85ae9 (webtiles) character file.

18707 poirepourri the Ninja (level 12, -22/51 HPs)
             Began as a Spriggan Enchanter on Sept 10, 2016.
             Was the Champion of Dithmenos.
             Killed from afar by a fire giant (73 damage)
             ... with a fireball
             ... in the Dungeon (Sprint I: "Red Sonja").
             The game lasted 00:12:29 (3716 turns).

poirepourri the Ninja (Spriggan Enchanter)          Turns: 3716, Time: 00:12:30

Health: -22/51     AC:  5    Str:  4    XL:     12   Next: 30%
Magic:  33/33      EV: 32    Int: 17    God:    Dithmenos [******]
Gold:   1571       SH:  0    Dex: 22    Spells: 5 memorised, 31 levels left

rFire  x . .     SeeInvis +     a - +1 dagger
rCold  + + .     Gourm    .     r - +2 robe {Archmagi}
rNeg   + . .     Faith    .     (shield restricted)
rPois  .         Spirit   .     (helmet restricted)
rElec  .         Dismiss  .     t - +1 cloak {MR+}
rCorr  .         Reflect  .     (gloves unavailable)
MR     +++..     Harm     .     (boots unavailable)
Stlth  ++++++++++ NoTele   +    (no amulet)
                                w - ring of ice
                                u - ring "Deeck" {rC+ rN+ Dex+3}

@: wreathed by umbra, very quick
A: unfitting armour, see invisible, clumsy 1, deformed body, herbivore 3, speed
3, slow metabolism 2
a: Shadow Step, Shadow Form, Renounce Religion


You were in the Dungeon.
You worshipped Dithmenos.
Dithmenos was exalted by your worship.
You were full.

You visited 1 branch You collected 3126 gold pieces.
You spent 1555 gold pieces at shops.

Inventory:

Hand Weapons
 a - a +1 dagger (weapon)
 k - a +0 blowgun
Missiles
 l - 4 curare-tipped needles
Armour
 b - a +1 robe
 r - a +2 robe of the Archmagi (worn)
 s - a +0 buckler of reflection
 t - a +1 cloak of magic resistance (worn)
Jewellery
 o - an uncursed ring of ice
 p - a +2 ring of strength
 u - the ring "Deeck" (left hand) {rC+ rN+ Dex+3}
   (You bought it in a shop in the Dungeon)

   [ring of protection from cold]

   It affects your dexterity (+3).
   It protects you from cold.
   It protects you from negative energy.
 v - an uncursed ring of protection from magic
 w - a ring of ice (right hand)
Wands
 i - a wand of polymorph (12/24)
 n - a wand of teleportation (5/9)
Potions
 e - 3 potions of curing
 f - a potion of heal wounds
 g - a potion of haste
 h - a potion of magic
 j - 2 potions of degeneration {unknown}
 m - a potion of agility {unknown}
Books
 c - a book of Maledictions

   Spells                             Type                      Level
   a - Corona                         Hexes                        1
   b - Ensorcelled Hibernation        Hexes/Ice                    2
   c - Confuse                        Hexes                        3
   d - Tukima's Dance                 Hexes                        3
   e - Dazzling Spray                 Conjuration/Hexes            3


   Skills:
 + Level 8.4 Short Blades
 + Level 13.4 Dodging
 O Level 27 Stealth
 + Level 16.2 Spellcasting
 + Level 3.3 Conjurations
 + Level 17.8 Hexes
 - Level 1.8 Ice Magic
 + Level 3.4 Invocations


You had 31 spell levels left.
You knew the following spells:

 Your Spells              Type           Power        Failure   Level  Hunger
a - Corona                Hex            #######      0%          1    None
b - Ensorcelled Hibernat  Hex/Ice        ######       1%          2    None
c - Confuse               Hex            #######.     0%          3    None
d - Tukima's Dance        Hex            #######.     0%          3    None
e - Dazzling Spray        Conj/Hex       ######       1%          3    None


Dungeon Overview and Level Annotations

Branches:
Dungeon (1/1)

Altars:
Cheibriados
Dithmenos
Elyvilon
Fedhas
Gozag
Hepliaklqana
Kikubaaqudgha
Makhleb
Nemelex Xobeh
Okawaru
Qazlal
Ru
Sif Muna
Trog
Uskayaw
Vehumet
Xom
Yredelemnul
Zin
The Shining One
Jiyva
Lugonu

Shops:
D !([%=?==[[!=(!%[}[![*


Innate Abilities, Weirdness & Mutations

You are tiny and cannot use many weapons and most armour.
You have supernaturally acute eyesight. (SInv)
You are a herbivore.
You cover ground extremely quickly.
You need consume almost no food.
You are clumsy. (Dex -2)
Armour fits poorly on your strangely shaped body.


Message History

It is a scroll of enchant armour.
Your +0 cloak of magic resistance glows green for a moment.
There is an open door here.
A fire giant comes into view.
It is wielding a great sword of flaming.
A fire giant comes into view.
It is wielding a great sword of flaming.
A fire giant comes into view.
It is wielding a great sword of flaming.
Found a potion of heal wounds and a robe.
A fire giant comes into view.
It is wielding a great sword of flaming.
Found a potion of haste, a bread ration and a beef jerky.
Found a silvery potion, 30 stones and 81 gold pieces.
The helpless fire giant fails to defend itself.
You skewer the fire giant like a kebab!!!!!
You kill the fire giant!
Dithmenos accepts your kill.
Dithmenos appreciates your extinguishing a source of fire.
You have mastered Stealth!
The fire giant casts a spell at you.
The fireball explodes!
The fireball engulfs you! The fire burns you terribly!
Ouch! That really hurt!
You die...

'###.###.#.^###.§###..#+###
...'(∩##§#^.####§§###...#
########§##'#..#§.#.###.#
.....§##.##[#..§§.....#.#
.....§§§.####.........#.#
''######.#..'......####'#
.......#§#####...###....#
......#+§#%[!#####...####
.....≈####!..C.)@..###
....≈≈# !%....##### ..≈≈≈##
(..C. ≈≈≈### .C.. ###+###
$$$ ####∩∩# ## ∩∩∩∩∩## ≈
######


You could see 3 fire giants.

Vanquished Creatures
  A fire giant (D)
  A lorocyproca (D)
  A hydra (D)
  2 centaur warriors (D)
  Sonja (D)
  A deep troll (D)
  7 unseen horrors (D)
  A lindwurm (D)
  An oklob plant (D)
  8 shining eyes (D)
  A gargoyle (D)
  2 kobold demonologists (D)
  4 demonic crawlers (D)
  A slime creature (D)
  2 redbacks (D)
  Sigmund (D)
  13 hogs (D)
  A yak (D)
  7 giant eyeballs (D)
  A wasp (D)
  7 necrophages (D)
  An ogre (D)
  8 jellies (D)
  Ijyb (D)
  2 ballistomycetes (D)
  2 giant spores (D)
78 creatures vanquished.

Vanquished Creatures (others)
  A gargoyle (D)
1 creature vanquished.

Grand Total: 79 creatures vanquished

Notes
Turn   | Place    | Note
-------+----------+-------------------------------------------
     0 | D        | poirepourri the Spriggan Enchanter began the quest for the Orb.
     0 | D        | Reached XP level 1. HP: 9/9 MP: 5/5
     2 | D        | Noticed Ijyb
    17 | D        | Killed Ijyb
    17 | D        | Reached skill level 5 in Dodging
    17 | D        | Reached skill level 6 in Stealth
    17 | D        | Reached skill level 5 in Hexes
    17 | D        | Reached XP level 2. HP: 13/13 MP: 7/7
    97 | D        | Killed a gargoyle
   140 | D        | Learned a level 2 spell: Ensorcelled Hibernation
   147 | D        | Noticed an ogre
   149 | D        | Killed an ogre
   149 | D        | Reached skill level 9 in Stealth
   149 | D        | Reached XP level 3. HP: 16/16 MP: 8/10
   149 | D        | Reached XP level 4. HP: 21/21 MP: 8/11
   180 | D        | Noticed Sigmund
   183 | D        | Killed Sigmund
   183 | D        | Reached skill level 11 in Stealth
   183 | D        | Reached XP level 5. HP: 24/24 MP: 11/14
   189 | D        | Learned a level 3 spell: Confuse
   193 | D        | Learned a level 3 spell: Tukima's Dance
   197 | D        | Learned a level 3 spell: Dazzling Spray
   206 | D        | Found a deep blue altar of Sif Muna.
   211 | D        | Found a radiant altar of Vehumet.
   215 | D        | Reached XP level 6. HP: 28/28 MP: 16/16
   252 | D        | Found Vyudd's Food Emporium.
   252 | D        | Found an ancient bone altar of Kikubaaqudgha.
   252 | D        | Found a hazy altar of Hepliaklqana.
   252 | D        | Found a stormy altar of Qazlal.
   252 | D        | Found a hide-covered altar of Uskayaw.
   252 | D        | Found a blossoming altar of Fedhas.
   252 | D        | Found a bloodstained altar of Trog.
   252 | D        | Found an iron altar of Okawaru.
   252 | D        | Found a basalt altar of Yredelemnul.
   252 | D        | Found a glowing golden altar of the Shining One.
   252 | D        | Found a snail-covered altar of Cheibriados.
   252 | D        | Found a sacrificial altar of Ru.
   252 | D        | Found a glowing silver altar of Zin.
   252 | D        | Found a shadowy altar of Dithmenos.
   252 | D        | Found a white marble altar of Elyvilon.
   252 | D        | Noticed a yak
   253 | D        | Found an opulent altar of Gozag.
   254 | D        | Killed a yak
   254 | D        | Reached skill level 13 in Stealth
   254 | D        | Reached skill level 10 in Hexes
   255 | D        | Found a sparkling altar of Nemelex Xobeh.
   263 | D        | Became a worshipper of Dithmenos the Shadowed
   281 | D        | Found a burning altar of Makhleb.
   281 | D        | Found a viscous altar of Jiyva.
   281 | D        | Found a shimmering altar of Xom.
   281 | D        | Found a corrupted altar of Lugonu.
   281 | D        | Noticed a slime creature
   284 | D        | Killed a slime creature
   284 | D        | Reached skill level 14 in Stealth
   284 | D        | Reached XP level 7. HP: 32/32 MP: 16/18
   310 | D        | Noticed Sonja
   314 | D        | Killed Sonja
   314 | D        | Reached skill level 10 in Dodging
   314 | D        | Reached skill level 16 in Stealth
   314 | D        | Reached XP level 8. HP: 36/36 MP: 19/21
   332 | D        | Noticed a deep troll
   376 | D        | Killed a deep troll
   376 | D        | Reached * piety under Dithmenos
   376 | D        | Reached skill level 17 in Stealth
   376 | D        | Reached skill level 1 in Ice Magic
   525 | D        | Noticed a kobold demonologist
   526 | D        | Noticed a kobold demonologist
   527 | D        | Paralysed by a giant eyeball for 3 turns
   534 | D        | Killed a kobold demonologist
   534 | D        | Reached XP level 9. HP: 33/39 MP: 18/23
   537 | D        | Killed a kobold demonologist
   537 | D        | Reached skill level 10 in Spellcasting
   541 | D        | Paralysed by a giant eyeball for 3 turns
   547 | D        | Reached ** piety under Dithmenos
   547 | D        | Reached skill level 18 in Stealth
   586 | D        | Noticed a demonic crawler
   586 | D        | Noticed a demonic crawler
   586 | D        | Noticed a demonic crawler
   586 | D        | Noticed a demonic crawler
   588 | D        | Killed a demonic crawler
   588 | D        | Reached skill level 5 in Short Blades
   589 | D        | Killed a demonic crawler
   591 | D        | Killed a demonic crawler
   591 | D        | Reached skill level 19 in Stealth
   592 | D        | Killed a demonic crawler
   592 | D        | Reached *** piety under Dithmenos
   617 | D        | Noticed a lindwurm
   620 | D        | Killed a lindwurm
   633 | D        | Reached **** piety under Dithmenos
   633 | D        | Reached skill level 20 in Stealth
   633 | D        | Reached XP level 10. HP: 44/44 MP: 23/26
   650 | D        | Reached ***** piety under Dithmenos
   655 | D        | Reached skill level 15 in Hexes
   661 | D        | Reached skill level 21 in Stealth
   797 | D        | Noticed a 12-headed hydra
   799 | D        | Killed a 12-headed hydra
   799 | D        | Reached skill level 22 in Stealth
   829 | D        | Noticed a siren
  1192 | D        | Noticed a gargoyle
  1211 | D        | Killed a gargoyle
  1301 | D        | Found Dinguoq's Armour Emporium.
  1326 | D        | Noticed a centaur warrior
  1326 | D        | Noticed a centaur warrior
  1329 | D        | Killed a centaur warrior
  1329 | D        | Reached ****** piety under Dithmenos
  1331 | D        | Killed a centaur warrior
  1331 | D        | Reached skill level 23 in Stealth
  1331 | D        | Reached XP level 11. HP: 47/47 MP: 29/29
  1354 | D        | Noticed an oklob plant
  1356 | D        | Killed an oklob plant
  1388 | D        | Noticed an unseen horror
  1388 | D        | Noticed an unseen horror
  1395 | D        | Killed an unseen horror
  1395 | D        | Reached skill level 1 in Conjurations
  1399 | D        | Killed an unseen horror
  1399 | D        | Reached skill level 24 in Stealth
  1703 | D        | Paralysed by a giant eyeball for 3 turns
  1948 | D        | Found Zuw Coz's Jewellery Shoppe.
  1948 | D        | Found Qisaa's Jewellery Shop.
  1948 | D        | Found Riuputaf's Antique Armour Boutique.
  1950 | D        | Found Sikhlu's Antique Armour Emporium.
  1950 | D        | Found Hanausmot's Distillery.
  1950 | D        | Found Teulangi's Jewellery Shoppe.
  1950 | D        | Found Xyqeim's Weapon Boutique.
  1950 | D        | Found Asotyso's Distillery.
  1950 | D        | Found Lataoc's Food Shop.
  1950 | D        | Found Doceogg's Antique Armour Shoppe.
  1954 | D        | Bought an embroidered robe for 18 gold pieces
  1954 | D        | Found Aruzid's Gadget Boutique.
  1955 | D        | Bought a runed buckler for 126 gold pieces
  1955 | D        | Bought an embroidered cloak for 126 gold pieces
  1955 | D        | Found Yzot's Distillery.
  1955 | D        | Found Bigofur's Antique Armour Boutique.
  1956 | D        | Found Remeisuir's General Store.
  1959 | D        | Bought the ring "Deeck" {rC+ rN+ Dex+3} for 595 gold pieces
  1971 | D        | Bought a potion of heal wounds for 60 gold pieces
  1977 | D        | Bought an uncursed ring of protection from magic for 250 gold pieces
  1977 | D        | Bought an uncursed ring of ice for 250 gold pieces
  2016 | D        | Bought 2 potions of heal wounds for 130 gold pieces
  2252 | D        | Found Vidig's Distillery.
  2266 | D        | Noticed a shining eye
  2266 | D        | Noticed a shining eye
  2266 | D        | Noticed a shining eye
  2267 | D        | Noticed a shining eye
  2267 | D        | Noticed a shining eye
  2267 | D        | Noticed a shining eye
  2267 | D        | Noticed a shining eye
  2268 | D        | Killed a shining eye
  2269 | D        | Killed a shining eye
  2270 | D        | Noticed a shining eye
  2271 | D        | Killed a shining eye
  2271 | D        | Reached skill level 15 in Spellcasting
  2273 | D        | Killed a shining eye
  2275 | D        | Killed a shining eye
  2275 | D        | Reached skill level 1 in Invocations
  2277 | D        | Killed a shining eye
  2280 | D        | Killed a shining eye
  2280 | D        | Reached skill level 25 in Stealth
  2280 | D        | Gained mutation: You are clumsy. (Dex -2) [a shining eye]
  2447 | D        | Gained mutation: Armour fits poorly on your strangely shaped body. [a shining eye]
  2452 | D        | Killed a shining eye
  2536 | D        | Found Bayn's Jewellery Shop.
  2536 | D        | Found Haduxiah's Weapon Shoppe.
  2536 | D        | Found Qipod's Magic Scroll Boutique.
  2536 | D        | Found Nuttouha's Antique Armour Emporium.
  2621 | D        | Noticed a lorocyproca
  2641 | D        | Killed a lorocyproca
  2661 | D        | HP: 2/47 [something (9)]
  3500 | D        | Noticed a daeva
  3504 | D        | Noticed an unseen horror
  3504 | D        | Noticed an unseen horror
  3504 | D        | Noticed an unseen horror
  3504 | D        | Noticed an unseen horror
  3506 | D        | Killed an unseen horror
  3506 | D        | Reached XP level 12. HP: 23/51 MP: 32/32
  3509 | D        | Reached skill level 26 in Stealth
  3709 | D        | Noticed a fire giant
  3712 | D        | Noticed a fire giant
  3713 | D        | Noticed a fire giant
  3714 | D        | Noticed a fire giant
  3716 | D        | Killed a fire giant
  3716 | D        | Reached skill level 27 in Stealth
  3716 | D        | Killed from afar by a fire giant

Vault maps used:
D:        dungeon_sprint_1

Skill      XL: |  1  2  3  4  5  6  7  8  9 10 11 12 |
---------------+-------------------------------------+-----
Dodging        | 5 6 7 9 10 11 12 13 | 13.4
Stealth        | 6 9 11 14 16 17 20 23 25 27 | 27.0
Spellcasting   | 3 4 6 7 8 9 11 13 15 16 | 16.2
Hexes          | 5 7 9 11 12 13 14 15 17 | 17.8
Short Blades   | 2 3 4 5 6 7 8 |  8.4
Ice Magic      | 1 |  1.8
Conjurations   | 3 |  3.3
Invocations    | 2 3 |  3.4

Action                   |  1- 3 |  4- 6 |  7- 9 | 10-12 || total
-------------------------+-------+-------+-------+-------++-------
Melee: Dagger            |    14 |     4 |    20 |    92 ||   130
 Cast: Ensorcelled Hiber |       |       |    15 |    20 ||    35
       Dazzling Spray    |       |       |       |    26 ||    26
       Confuse           |       |       |       |     4 ||     4
Invok: Shadow Step       |       |       |       |     6 ||     6
  Use: Potion            |     1 |       |       |     4 ||     5
       Scroll            |       |       |       |     5 ||     5
 Stab: Sleeping          |     1 |     4 |    10 |    47 ||    62
       Confused          |       |       |       |     1 ||     1
  Eat: Bread ration      |       |       |       |     1 ||     1
Armor: Robe              |     1 |       |     3 |       ||     4
Dodge: Dodged            |     6 |       |    26 |    30 ||    62
